 Dungeon Sprint DCSS version 0.20-b1 (webtiles) character file.

6538 potatolord6000 the Fighter (level 10, -6/91 HPs)
             Began as a Demonspawn Gladiator on May 19, 2017.
             Was the Champion of Jiyva.
             Mangled by a catoblepas (10 damage)
             ... in the Dungeon (Sprint IX: "|||||||||||||||||||||||||||||").
             The game lasted 00:05:59 (924 turns).

potatolord6000 the Fighter (Demonspawn Gladiator)    Turns: 924, Time: 00:05:59

Health: -6/91      AC: 11    Str: 18    XL:     10   Next: 70%
Magic:  10/10      EV:  2    Int:  8    God:    Jiyva [******]
Gold:   0          SH:  0    Dex: 24    Spells: 9/9 levels left

rFire    . . .     SeeInvis .   c - +2 scimitar (flame)
rCold    + . .     Gourm    .   (no shield)
rNeg     + + +     Faith    .   m - +1 scale mail
rPois    ∞         Spirit   .   (helmet unavailable)
rElec    .         Reflect  .   (no cloak)
rCorr    +         Harm     .   a - +0 pair of gloves
MR       .....     NoTele   +   (no boots)
Stlth    +.........             (no amulet)
Regen    0.3/turn               b - +2 ring of evasion
MPRegen  0.2/turn               n - +3 ring of dexterity

@: agile, petrified
A: claws 1, hooves 1, horns 3, cold resistance 1, mutation resistance 1, powered
by pain 1, wild magic 2, acidic bite, eyeballs 1, jelly sensing items
a: Request Jelly, Slimify, Cure Bad Mutation, Renounce Religion


You were in the Dungeon.
You worshipped Jiyva.
Jiyva was exalted by your worship.
You were full.

You visited 1 branch

Inventory:

Hand Weapons
 c - a +2 scimitar of flaming (weapon)
Armour
 a - a +0 pair of gloves (worn)
 m - a +1 scale mail (worn)
Jewellery
 b - a +2 ring of evasion (left hand)
 n - a +3 ring of dexterity (right hand)
Scrolls
 j - 4 scrolls of remove curse
 k - 4 scrolls of blinking
 l - 2 scrolls of amnesia
 p - 2 scrolls of enchant armour
 q - a scroll of fear
 r - a scroll of recharging
Potions
 d - a potion of invisibility
 e - 5 potions of curing
 g - 6 potions of heal wounds
 h - 2 potions of haste
 i - 4 potions of magic
 o - a potion of berserk rage
Comestibles
 f - a bread ration


   Skills:
 + Level 12.9 Fighting
 + Level 12.1 Long Blades
 - Level 1.7 Throwing
 + Level 11.8 Armour
 + Level 12.1 Dodging


You had 9 spell levels left.
You didn't know any spells.

Dungeon Overview and Level Annotations

Branches:
Dungeon (1/1)

Altars:
Cheibriados
Dithmenos
Elyvilon
Fedhas
Gozag
Hepliaklqana
Kikubaaqudgha
Makhleb
Nemelex Xobeh
Okawaru
Qazlal
Ru
Sif Muna
Trog
Uskayaw
Vehumet
Xom
Yredelemnul
Zin
The Shining One
Beogh
Jiyva
Lugonu


Innate Abilities, Weirdness & Mutations

You have a pair of large horns on your head.
Your flesh is cold resistant. (rC+)
You sometimes gain a little power by taking damage.
You have sharp fingernails.
You have large cloven feet.
You are somewhat resistant to further mutation.
Your spells are harder to cast, but more powerful.
You have acidic saliva.
Your body has grown golden eyes which may confuse attackers. (Acc +3)
You have a small jelly attached to you that senses nearby items.


Message History

You are engulfed in calcifying dust.
Your limbs have turned to stone.
The catoblepas barely misses you.
You riposte.
You hit the catoblepas but do no damage.
You kick the catoblepas, but do no damage.
You headbutt the catoblepas.
The catoblepas is lightly wounded.
You have turned to stone.
The catoblepas gores you but does no damage.
You hear a distant slurping noise.
Jiyva alters your body.
You feel as though nothing has changed. Jiyva alters your body.
Your body returns to its normal consistency.
Jiyva appreciates your sacrifice.
You feel a little less hungry.
You feel better. The catoblepas gores you!
* * * LOW HITPOINT WARNING * * *
The catoblepas gores you but does no damage.
The catoblepas gores you!!
You die...

▓▓▓▓▓▓▓▓▓▓▓▓▓▓▓▓▓▓▓▓▓▓▓▓▓▓▓▓▓▓▓▓▓
..'......'.........'____.________
▓▓▓▓▓▓▓▓▓▓▓▓▓▓▓▓▓▓▓▓▓▓▓▓▓▓▓▓▓▓▓▓▓
.................................
▓▓▓▓▓▓▓▓▓▓▓▓▓▓▓▓▓▓▓▓▓▓▓▓▓▓▓▓▓▓▓▓▓
∆∆∆∆,∆ ∆∆[/....Y@†.'........††...
* * ▓▓▓▓▓▓▓▓▓▓▓▓▓▓▓▓▓▓▓▓▓▓▓▓ , ,
, , ,, * * ** * , ∩∆ ∆ ∆∆∆∆∆
∆∆∆∆∆∆∆∆∆∆∆∆ * ** , , ,, , * * *
, , , ,


You could see a catoblepas.

Vanquished Creatures
  4 death yaks (D)
  2 spiny frogs (D)
  A rime drake (D)
  A komodo dragon (D)
  A troll (D)
  A hippogriff (D)
  4 yaks (D)
  2 water moccasins (D)
  4 porcupines (D)
  A wolf (D)
  A centaur (D)
  4 crocodiles (D)
  A bullfrog (D)
  A scorpion (D)
  A jelly (D)
  An orc priest (D)
  5 hounds (D)
  A worker ant (D)
  A shadow imp (D)
  An ooze (D)
  A leopard gecko (D)
  An orc (D)
  A bat skeleton (D)
  2 hobgoblins (D)
  A bat (D)
  A jackal zombie (D)
  A kobold (D)
46 creatures vanquished.

Vanquished Creatures (others)
  A two-headed ogre (D)
  A yak (D)
  6 jellies (D)
8 creatures vanquished.

Grand Total: 54 creatures vanquished

Notes
Turn   | Place    | Note
-------+----------+-------------------------------------------
     0 | D        | potatolord6000 the Demonspawn Gladiator began the quest for the Orb.
     0 | D        | Reached XP level 1. HP: 16/16 MP: 1/1
    14 | D        | Reached skill level 1 in Armour
    16 | D        | Gained mutation: You have a pair of small horns on your head. [demonic ancestry]
    16 | D        | Reached XP level 2. HP: 10/23 MP: 2/2
    22 | D        | Noticed a centaur
    27 | D        | Gained mutation: You have a pair of horns on your head. [demonic ancestry]
    27 | D        | Reached XP level 3. HP: 30/30 MP: 3/3
    31 | D        | Reached XP level 4. HP: 37/37 MP: 4/4
    36 | D        | Reached skill level 5 in Dodging
    40 | D        | Killed a centaur
    40 | D        | Reached skill level 5 in Fighting
    40 | D        | Reached skill level 5 in Long Blades
    40 | D        | Gained mutation: Your flesh is cold resistant. (rC+) [demonic ancestry]
    40 | D        | Reached XP level 5. HP: 25/46 MP: 5/5
   220 | D        | Found a roughly hewn altar of Beogh.
   220 | D        | Found a snail-covered altar of Cheibriados.
   220 | D        | Found a shadowy altar of Dithmenos.
   220 | D        | Found a white marble altar of Elyvilon.
   220 | D        | Found a blossoming altar of Fedhas.
   220 | D        | Found an opulent altar of Gozag.
   221 | D        | Found a hazy altar of Hepliaklqana.
   222 | D        | Found a viscous altar of Jiyva.
   223 | D        | Found an ancient bone altar of Kikubaaqudgha.
   224 | D        | Found a corrupted altar of Lugonu.
   225 | D        | Found a burning altar of Makhleb.
   226 | D        | Found a sparkling altar of Nemelex Xobeh.
   227 | D        | Found an iron altar of Okawaru.
   228 | D        | Found a stormy altar of Qazlal.
   229 | D        | Found a sacrificial altar of Ru.
   230 | D        | Became a worshipper of Jiyva Jiloonou the Shapeless
   257 | D        | Reached * piety under Jiyva
   257 | D        | Reached ** piety under Jiyva
   263 | D        | Reached *** piety under Jiyva
   264 | D        | Gained mutation: Your body sometimes deteriorates upon taking damage. [Jiyva's grace]
   272 | D        | Gained mutation: Your body has grown golden eyes which may confuse attackers. (Acc +3) [Jiyva's grace]
   299 | D        | Found a deep blue altar of Sif Muna.
   300 | D        | Found a bloodstained altar of Trog.
   301 | D        | Found a hide-covered altar of Uskayaw.
   302 | D        | Found a radiant altar of Vehumet.
   304 | D        | Found a shimmering altar of Xom.
   305 | D        | Found a basalt altar of Yredelemnul.
   306 | D        | Found a glowing silver altar of Zin.
   307 | D        | Found a glowing golden altar of the Shining One.
   366 | D        | Reached **** piety under Jiyva
   366 | D        | Gained mutation: You are robust. (+10% HP) [Jiyva's grace]
   366 | D        | Reached ***** piety under Jiyva
   367 | D        | Gained mutation: You have a small jelly attached to you that may absorb incoming projectiles. [Jiyva's grace]
   369 | D        | Lost mutation: You have a small jelly attached to you that may absorb incoming projectiles. [Jiyva's grace]
   371 | D        | Reached ****** piety under Jiyva
   371 | D        | Lost mutation: Your body sometimes deteriorates upon taking damage. [Jiyva's grace]
   371 | D        | Gained mutation: You passively map a small area around you. [Jiyva's grace]
   373 | D        | Gained mutation: Your mind is acute. (Int +2) [Jiyva's grace]
   388 | D        | Noticed a yak
   388 | D        | Noticed a two-headed ogre
   390 | D        | Reached skill level 5 in Armour
   405 | D        | Killed a two-headed ogre
   405 | D        | Gained mutation: You sometimes gain a little power by taking damage. [demonic ancestry]
   405 | D        | Reached XP level 6. HP: 33/62 MP: 6/6
   405 | D        | Gained mutation: You have a pair of large horns on your head. [demonic ancestry]
   405 | D        | Reached XP level 7. HP: 36/69 MP: 7/7
   419 | D        | Killed a yak
   424 | D        | Lost mutation: You are robust. (+10% HP) [Jiyva's grace]
   424 | D        | Lost mutation: Your body has grown golden eyes which may confuse attackers. (Acc +3) [Jiyva's grace]
   428 | D        | Lost mutation: You passively map a small area around you. [Jiyva's grace]
   431 | D        | Noticed a troll
   443 | D        | Killed a troll
   443 | D        | Reached XP level 8. HP: 33/71 MP: 8/8
   450 | D        | Lost mutation: Your mind is acute. (Int +2) [Jiyva's grace]
   452 | D        | Gained mutation: You are frail. (-10% HP) [Jiyva's grace]
   452 | D        | Gained mutation: You are agile. (Dex +2) [Jiyva's grace]
   452 | D        | Gained mutation: Your muscles are strong. (Str +2) [Jiyva's grace]
   455 | D        | Lost mutation: You are frail. (-10% HP) [Jiyva's power]
   573 | D        | Gained mutation: You have sharp toenails. [Jiyva's grace]
   579 | D        | Gained mutation: You are resistant to electric shocks. (rElec) [Jiyva's grace]
   581 | D        | Lost mutation: You have sharp toenails. [Jiyva's grace]
   582 | D        | Gained mutation: You have acidic saliva. [Jiyva's grace]
   583 | D        | Lost mutation: You have acidic saliva. [Jiyva's grace]
   588 | D        | Gained mutation: Your spells are a little harder to cast, but a little more powerful. [Jiyva's grace]
   594 | D        | Gained mutation: You have a small jelly attached to you that senses nearby items. [Jiyva's grace]
   596 | D        | Gained mutation: You are somewhat resistant to further mutation. [Jiyva's grace]
   596 | D        | Gained mutation: Your flesh is very cold resistant. (rC++) [Jiyva's grace]
   600 | D        | Lost mutation: You have a small jelly attached to you that senses nearby items. [Jiyva's grace]
   601 | D        | Lost mutation: Your muscles are strong. (Str +2) [Jiyva's grace]
   602 | D        | Gained mutation: You are very agile. (Dex +4) [Jiyva's grace]
   605 | D        | Lost mutation: You are very agile. (Dex +4) [Jiyva's grace]
   606 | D        | Lost mutation: Your flesh is very cold resistant. (rC++) [Jiyva's grace]
   608 | D        | Gained mutation: Your muscles are strong. (Str +2) [Jiyva's grace]
   615 | D        | Gained mutation: You have supernaturally acute eyesight. (SInv) [Jiyva's grace]
   616 | D        | Lost mutation: You are resistant to electric shocks. (rElec) [Jiyva's grace]
   617 | D        | Gained mutation: Your body sometimes deteriorates upon taking damage. [Jiyva's grace]
   617 | D        | Lost mutation: Your body sometimes deteriorates upon taking damage. [Jiyva's grace]
   619 | D        | Gained mutation: You are covered in slimy tendrils that may disarm your opponents. [Jiyva's grace]
   620 | D        | Gained mutation: You are covered in fur. (AC +1) [Jiyva's grace]
   667 | D        | Lost mutation: Your muscles are strong. (Str +2) [potion of mutation]
   667 | D        | Lost mutation: You are covered in slimy tendrils that may disarm your opponents. [potion of mutation]
   667 | D        | Lost mutation: Your spells are a little harder to cast, but a little more powerful. [potion of mutation]
   667 | D        | Lost mutation: You are somewhat resistant to further mutation. [potion of mutation]
   667 | D        | Lost mutation: You are agile. (Dex +2) [potion of mutation]
   667 | D        | Gained mutation: Your spells are a little harder to cast, but a little more powerful. [potion of mutation]
   667 | D        | Gained mutation: You passively map a small area around you. [potion of mutation]
   667 | D        | Gained mutation: Your flesh is very cold resistant. (rC++) [potion of mutation]
   689 | D        | Noticed a komodo dragon
   697 | D        | Killed a komodo dragon
   697 | D        | Reached skill level 10 in Fighting
   707 | D        | Noticed a rime drake
   710 | D        | Reached XP level 9. HP: 41/79 MP: 9/9
   713 | D        | Killed a rime drake
   713 | D        | Reached skill level 10 in Long Blades
   713 | D        | Reached skill level 10 in Dodging
   793 | D        | Gained mutation: You have a small jelly attached to you that senses nearby items. [Jiyva's grace]
   804 | D        | Gained mutation: You are frail. (-10% HP) [Jiyva's grace]
   810 | D        | Lost mutation: You are frail. (-10% HP) [Jiyva's power]
   839 | D        | Lost mutation: You have supernaturally acute eyesight. (SInv) [Jiyva's grace]
   839 | D        | Gained mutation: Your natural rate of healing is unusually fast. [Jiyva's grace]
   839 | D        | Gained mutation: You are covered in slimy tendrils that may disarm your opponents. [Jiyva's grace]
   839 | D        | Lost mutation: You are covered in slimy tendrils that may disarm your opponents. [Jiyva's grace]
   841 | D        | Noticed a spiny frog
   841 | D        | Noticed a spiny frog
   849 | D        | Killed a spiny frog
   849 | D        | Reached skill level 10 in Armour
   852 | D        | Killed a spiny frog
   864 | D        | Gained mutation: You have acidic saliva. [Jiyva's grace]
   869 | D        | Lost mutation: Your flesh is very cold resistant. (rC++) [Jiyva's grace]
   872 | D        | Lost mutation: You are covered in fur. (AC +1) [Jiyva's grace]
   872 | D        | Lost mutation: You passively map a small area around you. [Jiyva's grace]
   874 | D        | Noticed a death yak
   874 | D        | Noticed a death yak
   874 | D        | Noticed a death yak
   875 | D        | Noticed a death yak
   877 | D        | Killed a death yak
   877 | D        | Reached XP level 10. HP: 73/89 MP: 10/10
   877 | D        | Gained mutation: Your translucent skin slightly reduces your foes' accuracy. (Stealth) [Jiyva's grace]
   878 | D        | Gained mutation: You are resistant to hostile enchantments. (MR+) [Jiyva's grace]
   879 | D        | Gained mutation: You possess an exceptional clarity of mind. [Jiyva's grace]
   881 | D        | Killed a death yak
   881 | D        | Lost mutation: You possess an exceptional clarity of mind. [Jiyva's grace]
   887 | D        | Gained mutation: Your rubbery body absorbs attacks. (AC +1, EV +1) [Jiyva's grace]
   890 | D        | Killed a death yak
   891 | D        | Lost mutation: Your natural rate of healing is unusually fast. [Jiyva's grace]
   893 | D        | Lost mutation: You are resistant to hostile enchantments. (MR+) [Jiyva's grace]
   895 | D        | Gained mutation: You are frail. (-10% HP) [Jiyva's grace]
   898 | D        | Lost mutation: You are frail. (-10% HP) [Jiyva's grace]
   900 | D        | Gained mutation: You are somewhat resistant to further mutation. [Jiyva's grace]
   902 | D        | Noticed a catoblepas
   902 | D        | Lost mutation: Your translucent skin slightly reduces your foes' accuracy. (Stealth) [Jiyva's grace]
   902 | D        | Killed a death yak
   903 | D        | Gained mutation: You have large cloven feet. [Jiyva's grace]
   906 | D        | Gained mutation: Your spells are harder to cast, but more powerful. [Jiyva's grace]
   909 | D        | Gained mutation: Your body has grown golden eyes which may confuse attackers. (Acc +3) [Jiyva's grace]
   915 | D        | Gained mutation: You have sharp fingernails. [Jiyva's grace]
   919 | D        | HP: 4/91 [catoblepas (18)]
   921 | D        | Lost mutation: Your rubbery body absorbs attacks. (AC +1, EV +1) [Jiyva's grace]
   924 | D        | Mangled by a catoblepas

Skill      XL: |  1  2  3  4  5  6  7  8  9 10 |
---------------+-------------------------------+-----
Long Blades    | 3 4 5 8 9 11 12 | 12.1
Armour         | 1 2 3 4 7 8 9 11 | 11.8
Dodging        | 3 4 5 8 9 11 12 | 12.1
Fighting       | 3 4 5 8 9 10 12 | 12.9
Throwing       | |  1.7

Action                   |  1- 3 |  4- 6 |  7- 9 | 10-12 || total
-------------------------+-------+-------+-------+-------++-------
Melee: Long sword        |    18 |     8 |       |       ||    26
       Headbutt          |     1 |     3 |    20 |    15 ||    39
       Scimitar          |       |    11 |    69 |    30 ||   110
       Bite              |       |       |     2 |     6 ||     8
       Kick              |       |       |       |     4 ||     4
Invok: Cure Bad Mutation |       |       |     4 |       ||     4
       Request Jelly     |       |       |     1 |       ||     1
       Slimify           |       |       |     1 |       ||     1
  Use: Potion            |     2 |       |     1 |       ||     3
 Stab: Confused          |       |     1 |       |       ||     1
       Petrified         |       |       |       |     1 ||     1
Armor: Leather armour    |     2 |       |       |       ||     2
       Scale mail        |       |     2 |    12 |     5 ||    19
Dodge: Dodged            |     9 |    12 |    45 |    11 ||    77
       Rpst.: Long sword |     3 |       |       |       ||     3
       Scimitar          |       |     1 |    16 |     4 ||    21
